 Dungeon Crawl Stone Soup version 0.31-a0-848-gaac375c287 (webtiles) character file.

Game seed: 15029927452236924926

20 subawu the Changeling (level 2, -3/18 HPs)
             Began as an Octopode Shapeshifter on Oct 4, 2023.
             Frozen to death by an endoplasm (5 damage)
             ... on level 1 of the Dungeon.
             The game lasted 00:02:12 (550 turns).

subawu the Changeling (Octopode Shapeshifter)        Turns: 550, Time: 00:02:13

Health: -3/18      AC:  1    Str: 13    XL:     2   Next: 79%
Magic:  2/2        EV: 13    Int: 12    God:
Gold:   40         SH:  0    Dex: 11    Spells: 1/1 levels left

rFire   . .          .
                       - Unarmed
rCold   . . .        (no shield)
rNeg    . . .        (helmet currently unavailable)
rPois   .            (no amulet)
rElec   .            (no ring)
rCorr   .            (no ring)
SInv    .            (no ring)
Will    .....        (no ring)
Stlth   ++           (no ring)
HPRegen 0.23/turn    (no ring)
MPRegen 0.08/turn    (no ring)
                     (no ring)

%: no passive effects
@: beast-form
A: beast (slay +1), almost no armour, amphibious, 8 rings, camouflage 1,
gelatinous body 1, (nimble swimmer 1), tentacles
a: Begin Untransformation


You were on level 1 of the Dungeon.
You were a hulking beast.
You visited 1 branch of the dungeon, and saw 1 of its levels.

You collected 40 gold pieces.

Inventory:

Hand Weapons
 e - a +0 dagger of venom
Talismans
 b - a beast talisman (active)
 c - a flux talisman
Scrolls
 g - a scroll of identify {unknown}
Potions
 a - a potion of lignification
 d - 2 potions of heal wounds {unknown}
 f - a potion of magic {unknown}


   Skills:
 + Level 1.0 Fighting
 + Level 2.4 Dodging
 + Level 3.2 Unarmed Combat
 + Level 3.3 Shapeshifting


You had one spell level left.
You didn't know any spells.
Your spell library contained the following spells:

 Spells                   Type           Power      Damage    Failure   Level
 Blink                    Tloc           0%         N/A       45%         2
 Lesser Beckoning         Tloc           0%         N/A       45%         2
 Momentum Strike          Conj/Tloc      0%         3d8       45%         2
 Dazzling Flash           Conj/Hex       0%         N/A       69%         3
 Volatile Blastmotes      Fire/Tloc      0%         2d10      69%         3
 Starburst                Conj/Fire      0%         6d3       100%        6
 Maxwell's Capacitive Co  Air            0%         ∞         100%        8


Dungeon Overview and Level Annotations

Branches:
Dungeon (1/15)

Altars:


Innate Abilities, Weirdness & Mutations

You are a hulking beast.
Your limbs bulge with bestial killing power. (Slay +1)
You cannot wear most types of armour.
You are amphibious.
You can wear up to eight rings at the same time.
Your skin changes colour to match your surroundings (Stealth+).
Your rubbery body absorbs attacks. (AC +1, EV +1)
((You are camouflaged when in or above water. (Stealth+)))
You have tentacles for arms and can constrict up to eight enemies at once.


Message History

The goblin shouts!
A quokka comes into view.
You see here a +0 club.
A quokka and an endoplasm come into view.
A goblin comes into view. It is wielding a +0 club.
The goblin shouts!
The quokka twitches its whiskers.
You tentacle-slap the goblin. You grab the goblin.
The goblin is moderately wounded.
You constrict the goblin. The goblin closely misses you.
You barely miss the goblin.
The goblin is heavily wounded.
You constrict the goblin.
You kill the goblin!
The quokka closely misses you. The quokka bites you.
The goblin hits you with a +0 club. The quokka bites you.
You see here a +0 dagger.
The goblin hits you with a +0 club. The quokka misses you.
You barely miss the goblin.
The endoplasm quivers.
Your grab misses the goblin. The goblin hits you with a +0 club.
The quokka barely misses you.
You tentacle-slap the goblin.
You kill the goblin!
The quokka bites you. The quokka barely misses you. The quokka misses you. x2
Things that are here:
a +0 club; a goblin corpse You barely miss the quokka.
Your grab misses the quokka.
The quokka twitches its whiskers.
The quokka barely misses you. The quokka closely misses you.
The quokka bites you.
* * * LOW HITPOINT WARNING * * *
The quokka misses you.
You tentacle-slap the quokka. Your grab misses the quokka.
You squeeze the quokka, but do no damage.
The quokka is moderately wounded.
The endoplasm freezes you.
You are frozen.
You die...

##.####.##.#### ### ....
##....... .....##.. ....J
......... # ##..... ......
......# .. #......
.......##.....#.# #..#....
.... ...........# # +...†
....###.##.J...##.. #....
..........rhr...... #....
#.........)......##.#####...
#...............###.......##
#........)......# ######..##
#...............# ######..##
................# #........#
......#.######### #........#
#......#.###########.........
.#.....
#...........'.........


You could see an endoplasm and 2 quokkas.

Vanquished Creatures
  An endoplasm (D:1)
  A giant cockroach (D:1)
  7 goblins (D:1)
  2 hobgoblins (D:1)
  2 frilled lizards (D:1)
  2 kobolds (D:1)
  2 rats (D:1)
17 creatures vanquished.

Notes
Turn   | Place    | Note
-------+----------+-------------------------------------------
     0 | D:1      | subawu the Octopode Shapeshifter began the quest for the
                  | Orb.
     0 | D:1      | Reached XP level 1. HP: 13/13 MP: 1/1
   167 | D:1      | Reached XP level 2. HP: 13/18 MP: 2/2
   550 | D:1      | Frozen to death by an endoplasm

Illustrated notes

Levels and vault maps discovered:
D:1:      orjb1_lava_funnel, layout_basic, minmay_tromino_v7

Action                     || total
---------------------------++-------
  Melee: Unarmed           ||    33
         Tentacles         ||     5
         Constrict         ||     8
   Stab: Sleeping          ||     2
 Armour: Skin              ||    17
  Dodge: Dodged            ||    24

Table legend: (Time is in decaauts)
 A = Elapsed time spent in this place.
 B = Non-inter-level travel time spent in this place.
 C = Inter-level travel time spent in this place.
 D = Time resting spent in this place.
 E = Time spent auto-exploring this place.
 F = Levels seen in this place.
 G = Mean time per level.
                   A        B        C        D        E       F      G
               +--------+--------+--------+--------+--------+-----+--------+
         Total |    548 |    548 |      0 |     52 |    287 |   1 |  548.0 |
       Dungeon |    548 |    548 |      0 |     52 |    287 |   1 |  548.0 |
               +--------+--------+--------+--------+--------+-----+--------+

Top non-repeatable levels by time:
     D:1: 548 daAuts
